 Dungeon Crawl Stone Soup version 0.28-a0-503-g83f2989fac (webtiles) character file.

Game seed: 1646998227232465846

76 bande the Covered (level 4, 26/26 HPs)
             Began as a Gargoyle Fighter on Sept 21, 2021.
             Quit the game on level 3 of the Dungeon.
             The game lasted 00:04:02 (2386 turns).

bande the Covered (Gargoyle Fighter)                Turns: 2386, Time: 00:04:03

Health: 26/26      AC:  8    Str: 19 (22) XL:     4   Next: 32%
Magic:  4/4        EV:  9    Int: 14      God:
Gold:   141        SH:  4    Dex: 11 (14) Spells: 3/3 levels left

rFire   . . .      SeeInvis .   a - +0 war axe
rCold   . . .      Faith    .   c - +0 buckler
rNeg    + . .      Spirit   .   b - +0 scale mail
rPois   ∞          Reflect  .   k - +0 hat of Zeyset {Int+4 Dex+4}
rElec   +          Harm     .   (no cloak)
rCorr   .          Rampage  .   (no gloves)
Will    +....                   g - +0 pair of boots
Stlth   ..........              (no amulet)
HPRegen 0.08/turn               e - ring of willpower
MPRegen 0.09/turn               (no ring)

@: no status effects
A: sickness immunity, AC +3, negative energy resistance 1, electricity
resistance, torment resistance 1, petrification resistance, clever 1, deformed
body, frail 1, strong 1
a: no special abilities


You were on level 3 of the Dungeon.
You visited 1 branch of the dungeon, and saw 3 of its levels.

You collected 141 gold pieces.

Inventory:

Hand Weapons
 a - a +0 war axe (weapon)
Armour
 b - a +0 scale mail (worn)
 c - a +0 buckler (worn)
 g - a +0 pair of boots (worn)
 k - the +0 hat of Zeyset (worn) {Int+4 Dex+4}
   (You acquired it on level 3 of the Dungeon)

   Int:       It affects your intelligence (+4).
   Dex:       It affects your dexterity (+4).
Jewellery
 e - a ring of willpower (left hand)
 f - an amulet of magic regeneration
 j - a ring of magical power
Wands
 m - a wand of acid (10)
 n - a wand of digging (2)
Scrolls
 o - a scroll of teleportation
Potions
 d - 2 potions of might
 h - a potion of heal wounds
 i - a potion of flight


   Skills:
 + Level 3.8 Fighting
 + Level 2.9 Axes
 + Level 3.8 Armour
 + Level 3.7 Shields


You had 3 spell levels left.
You didn't know any spells.
Your spell library contained the following spells:

 Spells                   Type           Power      Damage    Failure   Level
 Animate Skeleton         Necr           0%         N/A       65%         1
 Apportation              Tloc           0%         N/A       65%         1
 Summon Small Mammal      Summ           0%         N/A       65%         1
 Gell's Gravitas          Tloc           0%         N/A       95%         3
 Teleport Other           Tloc           0%         N/A       95%         3
 Dispersal                Tloc           0%         N/A       100%        6


Dungeon Overview and Level Annotations

Branches:
Dungeon (3/15)

Altars:


Innate Abilities, Weirdness & Mutations

You are immune to sickness and miasma.
Your stone body is resilient. (AC +3)
You are immune to poison.
You resist negative energy. (rN+)
You are resistant to electric shocks. (rElec)
You are resistant to unholy torment.
You are immune to petrification.
Your mind is acute. (Int +2)
Armour fits poorly on your strangely shaped body.
You are frail. (-10% HP)
Your muscles are strong. (Str +2)


Message History

You hit Ijyb but do no damage.
Ijyb is severely wounded.
Ijyb closely misses you.
You hit Ijyb.
Ijyb is severely wounded.
Ijyb hits you but does no damage. Ijyb barely misses you.
You closely miss Ijyb.
Ijyb is severely wounded.
Ijyb barely misses you.
You barely miss Ijyb.
Ijyb is severely wounded.
Ijyb screams, "It's all mine!"
Ijyb hits you but does no damage. x2
You hit Ijyb.
Ijyb is almost dead.
Ijyb hits you but does no damage.
You closely miss Ijyb.
Ijyb is almost dead.
Ijyb closely misses you.
You miss Ijyb.
Ijyb is almost dead.
Ijyb closely misses you. Ijyb hits you but does no damage.
You slash Ijyb!
You kill Ijyb!
You feel your intelligence returning.
You have reached level 4!
You feel stronger.
m - a wand of acid (10)
Things that are here:
a +0 dagger; 5 stones; a kobold corpse
n - a wand of digging (2)
Items here: ! ) [ †.
o - a scroll of identify
As you read the scroll of identify, it crumbles to dust.
i - a potion of flight
o - a scroll of teleportation It was a potion of mutation.
You feel extremely strange.
You feel clever.
Your body twists and deforms.
You feel frail.
You feel stronger.
Are you sure you want to abandon this character and quit the game? (Confirm with "yes".)

#.# #.#.# #.#
#.#.# #.# #.#.#
# #.# #.#.#
.##.###.# #.#.#
........###.#.#
.##......))...#
.............##
.#########..@#
#####


There were no monsters in sight!

Vanquished Creatures
  Ijyb (D:3)
  2 ball pythons (D:1)
  5 endoplasms
  3 giant cockroaches
  7 goblins
  4 hobgoblins
  6 jackals (D:2)
  2 quokkas
  3 bats
  2 frilled lizards (D:2)
  5 kobolds
  6 rats
46 creatures vanquished.

Notes
Turn   | Place    | Note
-------+----------+-------------------------------------------
     0 | D:1      | bande the Gargoyle Fighter began the quest for the Orb.
     0 | D:1      | Reached XP level 1. HP: 14/14 MP: 1/1
   391 | D:1      | Reached XP level 2. HP: 10/19 MP: 2/2
  1033 | D:1      | Reached XP level 3. HP: 19/23 MP: 3/3
  2227 | D:3      | Identified a scroll of acquirement
  2227 | D:3      | Acquired the +0 hat of Zeyset {Int+4 Dex+4}
  2342 | D:3      | Noticed Ijyb
  2371 | D:3      | Killed Ijyb
  2372 | D:3      | Reached XP level 4. HP: 29/29 MP: 4/4
  2385 | D:3      | Gained mutation: Your mind is acute. (Int +2) [potion of
                  | mutation]
  2385 | D:3      | Gained mutation: Armour fits poorly on your strangely
                  | shaped body. [potion of mutation]
  2385 | D:3      | Gained mutation: You are frail. (-10% HP) [potion of
                  | mutation]
  2385 | D:3      | Gained mutation: Your muscles are strong. (Str +2) [potion
                  | of mutation]
  2386 | D:3      | Quit the game

Illustrated notes

Levels and vault maps discovered:
D:1:      minmay_arrival_semitransparent, layout_loops_ring, serial_rivers,
          chequers_serial_rivers_micro_c, chequers_serial_rivers_micro_e,
          chequers_serial_rivers_small_a, chequers_serial_rivers_room_b,
          grunt_decor_fettered, minmay_statues_item
D:2:      layout_loops_cross
D:3:      layout_loops_ring, uniq_ijyb

Skill      XL: |  1 |
---------------+----+-----
Axes           | 2 |  2.9
Fighting       | |  3.8
Armour         | |  3.8
Shields        | |  3.7

Action                   |  1- 3 |  4- 6 || total
-------------------------+-------+-------++-------
Melee: War axe           |   174 |       ||   174
  Use: Scroll            |     5 |     1 ||     6
       Potion            |     2 |     1 ||     3
Armor: Scale mail        |   134 |       ||   134
Dodge: Dodged            |   108 |       ||   108
Block: Buckler           |    42 |       ||    42

Table legend: (Time is in decaauts)
 A = Elapsed time spent in this place.
 B = Non-inter-level travel time spent in this place.
 C = Inter-level travel time spent in this place.
 D = Time resting spent in this place.
 E = Time spent auto-exploring this place.
 F = Levels seen in this place.
 G = Mean time per level.
                   A        B        C        D        E       F      G
               +--------+--------+--------+--------+--------+-----+--------+
         Total |   2472 |   2432 |     40 |    223 |   1758 |   3 |  824.0 |
       Dungeon |   2472 |   2432 |     40 |    223 |   1758 |   3 |  824.0 |
               +--------+--------+--------+--------+--------+-----+--------+

Top non-repeatable levels by time:
     D:1: 1392 daAuts
     D:2: 839 daAuts
     D:3: 240 daAuts
